 Dungeon Sprint DCSS version 0.24.0-123-gd5b16e6ec5 (webtiles) character file.

Game seed: 2917529911330067447, levelgen mode: deterministic

9500000 McKennaii the Axe Maniac (level 27, -58/323 HPs)
             Began as a Demonspawn Gladiator on Dec 17, 2019.
             Was the Champion of Makhleb.
             Killed from afar by a wretched soul (65 damage)
             ... with a bolt of negative energy
             ... in the Dungeon (Sprint VIII: "Arena of Blood").
             The game lasted 00:06:10 (95 turns).

McKennaii the Axe Maniac (Demonspawn Gladiator)       Turns: 95, Time: 00:06:11

Health: -58/323    AC: 12    Str: 15    XL:     27
Magic:  0/54       EV: 37    Int: 10    God:    Makhleb [******]
Gold:   0          SH:  0    Dex: 27    Spells: 80/80 levels left

rFire    . . .     SeeInvis .   l - +∞ Axe of Woe
rCold    . . .     Gourm    .   (shield currently unavailable)
rNeg     . . .     Faith    .   b - +0 leather armour
rPois    .         Spirit   +   c - +0 helmet
rElec    +         Reflect  .   (no cloak)
rCorr    .         Harm     .   (no gloves)
MR       ++...     NoTele   +   (boots unavailable)
Stlth    +++++++++.             (no amulet)
HPRegen  0.63/turn              a - +200 ring of slaying
MPRegen  0.68/turn              m - +30 ring of slaying

@: drained
A: hooves 3, thin metallic scales 3, robust 3, spiny 3, magic shield, magic
regeneration, magic link
a: Minor Destruction, Lesser Servant of Makhleb, Major Destruction, Greater
Servant of Makhleb, Renounce Religion


You were in the Dungeon.
You worshipped Makhleb.
Makhleb was exalted by your worship.
You were not hungry.

You visited 1 branch

Inventory:

Hand Weapons
 l - the +∞ Axe of Woe (weapon)
   (You found it in the Dungeon)
Missiles
 d - 3 throwing nets (quivered)
Armour
 b - a +0 leather armour (worn)
 c - a +0 helmet (worn)
Jewellery
 a - a +200 ring of slaying (left hand)
 m - a +30 ring of slaying (right hand)
Scrolls
 k - a scroll of blinking
Potions
 e - a potion of curing
 g - a potion of heal wounds
 h - a potion of haste
 i - 2 potions of magic
 j - a potion of berserk rage
Comestibles
 f - a ration


   Skills:
 O Level 27(25.5) Fighting
 O Level 27(25.5) Axes
 O Level 27(25.5) Throwing
 O Level 27(25.5) Armour
 O Level 27(25.5) Dodging
 O Level 27(25.5) Stealth
 O Level 27(25.5) Unarmed Combat
 O Level 27(25.5) Spellcasting
 O Level 27(25.5) Invocations


You had 80 spell levels left.
You didn't know any spells.
Your spell library was empty.

Dungeon Overview and Level Annotations

Branches:
Dungeon (1/1)

Altars:
Makhleb


Innate Abilities, Weirdness & Mutations

You have hooves in place of feet.
You are completely covered in thin metallic scales. (AC +4, rElec)
You are extremely robust. (+30% HP)
You are completely covered in sharp spines.
When hurt, damage is shared between your health and your magic reserves.
You regenerate magic rapidly.
When low on magic, you restore magic in place of health.


Message History

The meat berserker convulses!
Unknown command.
Unknown command.
Unknown command.
You dice the meat berserker like an onion!!!!!
You hew the meat berserker savagely.
You kill the meat berserker!
Makhleb accepts your kill.
The tyrant appears out of thin air!
A tyrant comes into view.
Your Executioner hits something! Your Executioner hits something.
Your Executioner barely misses something.
Your Executioner hits something!! Your Executioner hits something!
Your Executioner hits something.
You hear a shout!
A bag of meat comes into view. It is wielding a +9 war axe.
A bolt of negative energy appears from out of thin air!
Deactivating autopickup; reactivate with Ctrl-A.
The bolt of negative energy hits you!!!
You feel drained.
You die...

############
####..... .=....
#........ ..L L
........##.##.##
...............
.####%.@).##.##..
#.......)L.......
.#..ox)))☼..#.#..
#..xD%1.x°.§M..O
..#z...)))☼○M.o..
...#...))).......
.......))o.D.%...
.....D.))%.z.....
......#))..%..#.


You could see 2 accurseds, 2 tyrants, 3 eight-headed meat hydras, 2 sculptors of
flesh, 3 bags of meat, 3 crawling corpses and a friendly Executioner.

Vanquished Creatures
  7 hell beasts (D)
  5 greater mummies (D)
  2 wraiths (D)
  11 vampire knights (D)
  27 ogres (D)
  3 two-headed ogres (D)
  5 liches (D)
  A hydra (D)
  51 orcs (D)
  2 phantoms (D)
  8 skeletal warriors (D)
  A small abomination (D)
  8 large abominations (D)
  9 crawling corpses (D)
140 creatures vanquished.

Vanquished Creatures (others)
  2 two-headed ogres (D)
  A hydra (D)
  An orc (D)
  5 crawling corpses (D)
9 creatures vanquished.

Grand Total: 149 creatures vanquished

Notes
Turn   | Place    | Note
-------+----------+-------------------------------------------
     0 | D        | Found the +∞ Axe of Woe
     0 | D        | McKennaii the Demonspawn Gladiator began the quest for the
                  | Orb.
     0 | D        | Reached XP level 1. HP: 16/16 MP: 1/1
     3 | D        | Became a worshipper of Makhleb the Destroyer
     6 | D        | Noticed a bag of meat
     7 | D        | Noticed a meat berserker
     7 | D        | Noticed a bag of meat
     8 | D        | Noticed a bag of meat
     9 | D        | Noticed a bag of meat
     9 | D        | Noticed a bag of meat
     9 | D        | Noticed a bag of meat
     9 | D        | Noticed a bag of meat
    10 | D        | Noticed a bag of meat
    10 | D        | Noticed a bag of meat
    10 | D        | Noticed a bag of meat
    10 | D        | Noticed a bag of meat
    11 | D        | Noticed a bag of meat
    11 | D        | Noticed a bag of meat
    12 | D        | Killed a bag of meat
    12 | D        | Reached skill level 10 in Fighting
    12 | D        | Gained mutation: You are partially covered in sharp spines.
                  | [demonic ancestry]
    12 | D        | Reached XP level 2. HP: 36/36 MP: 2/2
    12 | D        | Gained mutation: You are partially covered in thin metallic
                  | scales. (AC +2) [demonic ancestry]
    12 | D        | Reached XP level 3. HP: 42/42 MP: 3/3
    12 | D        | Gained mutation: You are mostly covered in thin metallic
                  | scales. (AC +3) [demonic ancestry]
    12 | D        | Reached XP level 4. HP: 48/48 MP: 4/4
    12 | D        | Gained mutation: You have large cloven feet. [demonic
                  | ancestry]
    12 | D        | Reached XP level 5. HP: 54/54 MP: 5/5
    12 | D        | Gained mutation: You are completely covered in thin
                  | metallic scales. (AC +4, rElec) [demonic ancestry]
    12 | D        | Reached XP level 6. HP: 61/61 MP: 6/6
    12 | D        | Reached XP level 7. HP: 67/67 MP: 7/7
    12 | D        | Reached XP level 8. HP: 73/73 MP: 8/8
    12 | D        | Reached XP level 9. HP: 79/79 MP: 9/9
    12 | D        | Gained mutation: When hurt, damage is shared between your
                  | health and your magic reserves. [demonic ancestry]
    12 | D        | Reached XP level 10. HP: 86/86 MP: 10/10
    12 | D        | Reached XP level 11. HP: 92/92 MP: 11/11
    12 | D        | Killed a bag of meat
    12 | D        | Reached * piety under Makhleb
    12 | D        | Reached skill level 10 in Throwing
    12 | D        | Reached XP level 12. HP: 102/102 MP: 12/12
    12 | D        | Noticed a bag of meat
    12 | D        | Noticed a bag of meat
    12 | D        | Noticed a bag of meat
    12 | D        | Noticed a bag of meat
    13 | D        | Killed a bag of meat
    13 | D        | Gained mutation: You regenerate magic rapidly. [demonic
                  | ancestry]
    13 | D        | Reached XP level 13. HP: 87/111 MP: 10/13
    13 | D        | Killed a bag of meat
    13 | D        | Gained mutation: You have hoof-like feet. [demonic
                  | ancestry]
    13 | D        | Reached XP level 14. HP: 93/119 MP: 10/14
    13 | D        | Killed a bag of meat
    13 | D        | Reached ** piety under Makhleb
    13 | D        | Killed a bag of meat
    13 | D        | Reached skill level 15 in Fighting
    13 | D        | Reached skill level 1 in Armour
    13 | D        | Reached XP level 15. HP: 129/129 MP: 10/15
    14 | D        | Killed a meat berserker
    14 | D        | Reached *** piety under Makhleb
    14 | D        | Reached skill level 27 in Axes
    14 | D        | Reached skill level 15 in Throwing
    14 | D        | Gained mutation: When low on magic, you restore magic in
                  | place of health. [demonic ancestry]
    14 | D        | Reached XP level 16. HP: 142/142 MP: 9/16
    14 | D        | Noticed a meat berserker
    15 | D        | Reached skill level 5 in Armour
    15 | D        | Reached skill level 27 in Dodging
    16 | D        | Reached **** piety under Makhleb
    16 | D        | Gained mutation: You are mostly covered in sharp spines.
                  | [demonic ancestry]
    16 | D        | Reached XP level 17. HP: 160/160 MP: 10/17
    16 | D        | Noticed a meat berserker
    16 | D        | Noticed a meat berserker
    19 | D        | Reached ***** piety under Makhleb
    19 | D        | Reached skill level 27 in Fighting
    19 | D        | Reached skill level 10 in Armour
    19 | D        | Reached XP level 18. HP: 182/182 MP: 11/18
    20 | D        | Noticed a destroyer
    21 | D        | Killed a meat berserker
    21 | D        | Reached skill level 27 in Throwing
    22 | D        | Killed a meat berserker
    22 | D        | Gained mutation: You have hooves in place of feet. [demonic
                  | ancestry]
    22 | D        | Reached XP level 19. HP: 189/189 MP: 13/19
    22 | D        | Reached skill level 27 in Armour
    22 | D        | Noticed a meat berserker
    23 | D        | Killed a meat berserker
    23 | D        | Reached skill level 10 in Unarmed Combat
    23 | D        | Reached skill level 10 in Spellcasting
    23 | D        | Reached ****** piety under Makhleb
    23 | D        | Reached XP level 20. HP: 197/197 MP: 13/36
    23 | D        | Noticed a destroyer
    24 | D        | Noticed a destroyer
    25 | D        | Reached skill level 27 in Invocations
    25 | D        | Reached skill level 15 in Stealth
    27 | D        | Noticed a meat berserker
    28 | D        | Killed a destroyer
    28 | D        | Reached XP level 21. HP: 204/204 MP: 15/41
    28 | D        | Reached skill level 27 in Stealth
    30 | D        | Gained mutation: You are robust. (+10% HP) [demonic
                  | ancestry]
    30 | D        | Reached XP level 22. HP: 204/233 MP: 16/49
    31 | D        | Noticed a destroyer
    31 | D        | Killed a destroyer
    31 | D        | Reached skill level 27 in Unarmed Combat
    31 | D        | Reached skill level 27 in Spellcasting
    31 | D        | Killed a destroyer
    31 | D        | Gained mutation: You are completely covered in sharp
                  | spines. [demonic ancestry]
    31 | D        | Reached XP level 23. HP: 240/240 MP: 16/54
    31 | D        | Noticed a destroyer
    32 | D        | Killed a destroyer
    33 | D        | Noticed a large bag of meat
    35 | D        | Noticed a large bag of meat
    36 | D        | Noticed a large bag of meat
    38 | D        | Noticed a large bag of meat
    40 | D        | Killed a large bag of meat
    41 | D        | Gained mutation: You are very robust. (+20% HP) [demonic
                  | ancestry]
    41 | D        | Reached XP level 24. HP: 155/272 MP: 2/54
    45 | D        | Killed a large bag of meat
    45 | D        | Killed a large bag of meat
    45 | D        | Killed a large bag of meat
    46 | D        | Killed a destroyer
    46 | D        | Noticed an accursed
    50 | D        | Noticed an accursed
    51 | D        | Noticed a tyrant
    52 | D        | Reached XP level 25. HP: 280/280 MP: 5/54
    53 | D        | Noticed a destroyer
    55 | D        | Noticed an accursed
    56 | D        | Noticed an accursed
    56 | D        | Noticed a tyrant
    57 | D        | Killed a tyrant
    57 | D        | Noticed an accursed
    59 | D        | Noticed a dread
    59 | D        | Killed a destroyer
    59 | D        | Reached XP level 26. HP: 237/290 MP: 4/54
    60 | D        | Killed an accursed
    62 | D        | Killed a tyrant
    62 | D        | Gained mutation: You are extremely robust. (+30% HP)
                  | [demonic ancestry]
    62 | D        | Reached XP level 27. HP: 135/323 MP: 1/54
    63 | D        | Noticed a meat beast
    65 | D        | Killed an accursed
    65 | D        | Killed a dread
    66 | D        | Noticed a tyrant
    68 | D        | Killed a meat beast
    68 | D        | Noticed a tyrant
    69 | D        | Noticed a dread
    69 | D        | Killed an accursed
    69 | D        | Noticed a destroyer
    70 | D        | Noticed a destroyer
    70 | D        | Noticed a meat beast
    73 | D        | Killed a destroyer
    74 | D        | Killed an accursed
    75 | D        | Killed a meat beast
    75 | D        | Killed a destroyer
    76 | D        | Killed an accursed
    76 | D        | Noticed a meat beast
    77 | D        | Killed a tyrant
    77 | D        | Killed a tyrant
    77 | D        | Noticed a destroyer
    77 | D        | Noticed a destroyer
    78 | D        | Noticed a meat beast
    78 | D        | Killed a dread
    78 | D        | Noticed a large bag of meat
    79 | D        | Killed a meat beast
    81 | D        | Killed a meat beast
    81 | D        | Killed a destroyer
    82 | D        | Killed a destroyer
    83 | D        | Noticed a destroyer
    84 | D        | Killed a large bag of meat
    85 | D        | Noticed a tyrant
    87 | D        | Noticed a meat beast
    87 | D        | Noticed a tyrant
    87 | D        | Killed a destroyer
    88 | D        | Noticed a meat beast
    89 | D        | Noticed an accursed
    89 | D        | Killed a meat beast
    89 | D        | Noticed a meat beast
    92 | D        | Killed a meat beast
    92 | D        | Killed a tyrant
    93 | D        | Killed a meat beast
    94 | D        | Noticed an accursed
    94 | D        | HP: 12/323 [tyrant/the air (35)]
    95 | D        | Killed from afar by a wretched soul

Levels and vault maps discovered:
D:        meatsprint

Skill      XL: |  1  2  3  4  5  6  7  8  9 10 11 12 13 14 15 16 17 18 19 20 21 22 |
---------------+-------------------------------------------------------------------+-----
Fighting       | 10 11 13 15 17 21 27 | 27.0
Axes           | 17 19 21 22 24 27 | 27.0
Throwing       | 9 10 11 12 13 15 18 23 27 | 27.0
Dodging        | 16 18 19 21 22 25 27 | 27.0
Armour         | 1 2 6 10 23 27 | 27.0
Stealth        | 13 26 27 | 27.0
Unarmed Combat | 12 16 23 27 | 27.0
Spellcasting   | 12 16 23 27 | 27.0
Invocations    | 16 27 | 27.0

Action                   |  1- 3 |  4- 6 |  7- 9 | 10-12 | 13-15 | 16-18 | 19-21 | 22-24 | 25-27 || total
-------------------------+-------+-------+-------+-------+-------+-------+-------+-------+-------++-------
Melee: Executioner's axe |     1 |       |       |     1 |     1 |     8 |     6 |    16 |    36 ||    69
Invok: Greater Servant o |       |       |       |       |       |       |     1 |       |     2 ||     3
       Major Destruction |       |       |       |       |       |       |       |     1 |     1 ||     2
 Stab: Distracted        |       |       |       |       |       |       |       |     1 |       ||     1
Armor: Leather armour    |       |       |       |       |       |       |       |     1 |       ||     1
Dodge: Dodged            |       |       |       |       |       |       |       |     2 |     9 ||    11
